 Dungeon Crawl Stone Soup version 0.27.1-33-g824d729ab1 (webtiles) character file.

Game seed: 258283310772700207

37 tanglemaster the Sneak (level 3, -6/24 HPs)
             Began as a Tengu Delver on Dec 24, 2021.
             Was an Initiate of Cheibriados.
             Killed by divine providence
             ... invoked by an orc priest
              (15 damage)
             ... on level 5 of the Dungeon.
             The game lasted 00:01:53 (253 turns).

tanglemaster the Sneak (Tengu Delver)                Turns: 253, Time: 00:01:55

Health: -6/24      AC:  4    Str: 13    XL:     3   Next: 41%
Magic:  4/4        EV: 12    Int: 12    God:    Cheibriados [......]
Gold:   7          SH:  0    Dex: 16    Spells: 2/2 levels left

rFire    . . .     SeeInvis .   (no weapon)
rCold    . . .     Faith    .   (no shield)
rNeg     . . .     Spirit   .   b - +1 leather armour
rPois    .         Reflect  .   (helmet restricted)
rElec    .         Harm     .   (no cloak)
rCorr    .         Rampage  .   (no gloves)
Will     .....                  (boots unavailable)
Stlth    +++.......             (no amulet)
HPRegen  0.08/turn              (no ring)
MPRegen  0.09/turn              (no ring)

@: slow
A: beak, talons 3
a: Renounce Religion, Bend Time


You were on level 5 of the Dungeon.
You worshipped Cheibriados.
Cheibriados was noncommittal.
You visited 2 branches of the dungeon, and saw 4 of its levels.

You collected 7 gold pieces.

Inventory:

Hand Weapons
 a - a +0 short sword
Armour
 b - a +1 leather armour (worn)
 h - the +2 ring mail "Noro Qeffa" {Harm rElec rPois}
   (You found it on level 6 of the Dungeon)

   rElec:     It insulates you from electricity.
   rPois:     It protects you from poison.
   Harm:      It increases damage dealt and taken.
 i - a +0 kite shield
Wands
 g - a wand of digging (3)
Scrolls
 c - a scroll of fog
 e - a scroll of fear
 k - a scroll of acquirement {unknown}
Potions
 f - a potion of haste
 j - a potion of ambrosia {unknown}


   Skills:
 + Level 4.4 Fighting
 - Level 2.1 Short Blades
 - Level 2.1 Dodging
 - Level 5.0 Stealth


You had 2 spell levels left.
You didn't know any spells.
Your spell library was empty.

Dungeon Overview and Level Annotations

Branches:
Dungeon (7/15)             Temple (1/1) D:6

Altars:
Ashenzari
Cheibriados
Dithmenos
Elyvilon
Fedhas
Hepliaklqana
Kikubaaqudgha
Qazlal
Ru
Uskayaw
Vehumet
Zin
The Shining One


Innate Abilities, Weirdness & Mutations

You have a beak for a mouth.
You have claws for feet.


Message History

The orc priest hits you with a +0 hand axe.
You hit the orc priest.
The orc priest is moderately wounded.
Your transformation is almost over.
The orc priest hits you but does no damage.
You barely miss the orc priest.
The orc priest is moderately wounded.
The orc priest hits you but does no damage.
You hit the orc priest but do no damage.
The orc priest is moderately wounded.
The orc priest miscasts a cantrip.
You barely miss the orc priest.
The orc priest is moderately wounded.
The orc priest hits you but does no damage.
You barely miss the orc priest.
The orc priest is moderately wounded.
The orc priest hits you but does no damage.
You hit the orc priest.
The orc priest is heavily wounded.
The orc priest hits you but does no damage.
You barely miss the orc priest.
The orc priest is heavily wounded.
The orc priest hits you with a +0 hand axe.
You hit the orc priest but do no damage.
The orc priest is heavily wounded.
The orc priest hits you but does no damage.
You barely miss the orc priest.
The orc priest is heavily wounded.
The orc priest hits you with a +0 hand axe.
You hit the orc priest but do no damage.
The orc priest is heavily wounded.
The orc priest looks satisfied for a moment.
You hit the orc priest but do no damage.
The orc priest is heavily wounded.
You feel less wooden.
Your +1 leather armour unmelds from your body.
The orc priest mumbles some strange prayers to Beogh against you.
Beogh smites you!
Ouch! That really hurt!
You die...

##.....# #.......
########### #.......
#....##...# #.......
#....##.>.# ##.....#
#....##...# ##.....#
#.........# #.......
#....##...# #.......
#...@#....# ##.......
###########o....###.......#
#......##...####.........##
#......o..### #......#.##
#......#### #......#..#
##..#### #####......##.#
#.$ #..........##.# ....
....###......##.# .o... ##
#......##.#


You could see an orc priest.

Vanquished Creatures
  An iguana (D:6)
  An adder (D:6)
  A dart slug (D:5)
3 creatures vanquished.

Notes
Turn   | Place    | Note
-------+----------+-------------------------------------------
     0 | D:5      | tanglemaster the Tengu Delver began the quest for the Orb.
     0 | D:5      | Reached XP level 1. HP: 14/14 MP: 2/2
     6 | D:6      | Noticed an iguana
    10 | D:6      | Killed an iguana
    11 | D:6      | Reached XP level 2. HP: 13/20 MP: 3/3
    11 | D:6      | Reached XP level 3. HP: 16/24 MP: 4/4
    89 | D:6      | Found a staircase to the Ecumenical Temple.
    96 | D:6      | Identified the +2 ring mail "Noro Qeffa" {Harm rElec rPois}
   104 | Temple   | Entered the Ecumenical Temple
   135 | Temple   | Became a worshipper of Cheibriados the Contemplative
   223 | D:5      | Noticed an orc warrior
   253 | D:5      | Killed from afar by an orc priest

Illustrated notes

Levels and vault maps discovered:
D:5:      layout_rooms, chequers_serial_rivers_micro_c, uniq_sigmund
D:6:      cheibrodos_two_vegetables, layout_basic, minmay_temple_entry_slanted,
          cheibrodos_sewer_entry_bend, ebering_ghost_inner_flame,
          serial_bayou_crossing
D:7:      layout_basic, lemuel_coloured_pillars_altar, grunt_gozag_breadcrumbs,
          general_overflow_altar, uniq_prince_ribbit1
Temple:   cyrus_circular_temple

Skill      XL: |  1 |
---------------+----+-----
Fighting       | 4 |  4.4
Short Blades   | |  2.1
Dodging        | |  2.1
Stealth        | |  5.0

Action                   || total
-------------------------++-------
Melee: Short sword       ||    12
       Unarmed           ||    11
       Kick              ||     1
       Peck              ||     1
  Use: Scroll            ||     2
       Potion            ||     1
 Stab: Sleeping          ||     2
Armor: Skin              ||    10
Dodge: Dodged            ||     1
